 Dungeon Crawl Stone Soup version 0.31-a0-965-g8a8ce12e04 (webtiles) character file.

Game seed: 10771297429360456448

63 Bokiboji the Changeling (level 3, -4/17 HPs)
             Began as a Demigod Shapeshifter on Oct 11, 2023.
             Slain by an orc
             ... wielding a +0 hand axe
              (5 damage)
             ... on level 3 of the Dungeon on Oct 26, 2023.
             The game lasted 00:07:19 (552 turns).

Bokiboji the Changeling (Demigod Shapeshifter)       Turns: 552, Time: 00:07:19

Health: -4/17      AC:  5    Str: 19    XL:     3   Next: 63%
Magic:  5/5        EV: 11    Int: 12    God:
Gold:   53         SH:  0    Dex: 13    Spells: 2/2 levels left

rFire   . .          .
                       - Unarmed
rCold   . . .        (shield currently unavailable)
rNeg    . . .        i - +0 ring mail
rPois   .            (no helmet)
rElec   .            (no cloak)
rCorr   .            (no gloves)
SInv    .            (no boots)
Will    .....        (no amulet)
Stlth   +            (no ring)
HPRegen 0.22/turn    (no ring)
MPRegen 0.09/turn

%: no passive effects
@: flux-form, glowing
A: glow, contaminating, reduced hp, high MP 1, forlorn, divine attributes
a: Begin Untransformation


You were on level 3 of the Dungeon.
You were something dangerously unstable.
You visited 1 branch of the dungeon, and saw 3 of its levels.

You collected 53 gold pieces.

Inventory:

Armour
 a - a +0 animal skin
 i - a +0 ring mail (worn)
Talismans
 c - a beast talisman
 d - a flux talisman (active)
Scrolls
 e - a scroll of enchant weapon {unknown}
 f - a scroll of teleportation {unknown}
 g - a scroll of fog {unknown}
 h - a scroll of vulnerability {unknown}
Potions
 b - a potion of lignification
 j - a potion of heal wounds {unknown}


   Skills:
 + Level 0.8 Fighting
 + Level 2.0 Dodging
 + Level 3.5 Unarmed Combat
 + Level 3.5 Shapeshifting


You had 2 spell levels left.
You didn't know any spells.
Your spell library contained the following spells:

 Spells                   Type           Power      Damage    Failure   Level
 Wereblood                Tmut           0%         N/A       65%         2
 Irradiate                Conj/Tmut      0%         3d11      100%        5


Dungeon Overview and Level Annotations

Branches:
Dungeon (3/15)


Innate Abilities, Weirdness & Mutations

You are something dangerously unstable.
You glow with magical radiation, making you easy to see and hit.
Foes you strike become dangerously contaminated with magical radiation.
Your maximum health is decreased, since you lack skill for your form.
You are incapable of wielding weapons or throwing items.
You have an increased reservoir of magic. (+10% MP)
You shall have no god before yourself.
Your divine heritage dramatically boosts your attributes as you level up.


Message History

The orc misses you.
You hit the orc.
You kill the orc!
The adder barely misses you. The adder closely misses you.
Your Dodging skill increases to level 2!
You closely miss the orc. Your punch misses the orc.
The orc closely misses you. The adder bites you but does no damage.
You punch the orc!
You kill the orc!
The adder closely misses you.
You hit the endoplasm.
The endoplasm is heavily wounded.
The adder bites you but does no damage. The endoplasm freezes you.
You are frozen.
* * * LOW HITPOINT WARNING * * *
You punch the endoplasm!
You kill the endoplasm!
The adder bites you.
* * * LOW HITPOINT WARNING * * *
You punch the orc!
You kill the orc!
The adder misses you. The adder barely misses you.
There are monsters nearby!
The adder bites you.
* * * LOW HITPOINT WARNING * * *
The orc hits you but does no damage.
You begin transforming.
You continue transforming.
The adder closely misses you. The orc closely misses you.
You continue transforming.
The adder misses you. The orc hits you but does no damage.
The adder closely misses you.
You continue transforming.
The orc hits you but does no damage. The adder bites you.
* * * LOW HITPOINT WARNING * * *
Your transformation has ended.
You turn into something dangerously unstable.
The adder bites you but does no damage. The orc closely misses you.
The orc attacks as it pursues you! The orc hits you with a +0 hand axe.
You die...

#############
##.....#.....##
##.............##
#...............#######
#................(.....
#..............<.......
#......................
#.....p................
##...So................
##...........#........
###.)###.#####.........
###...## #.# .........
#####....## #.#
.#....... #......###
#.. .#...... #.....##
... .# .... .####....##
.#.# ## ...


You could see an adder and an orc.

Vanquished Creatures
  Jessica (D:2)
  An adder (D:3)
  3 orcs (D:3)
  2 ball pythons (D:1)
  2 bats (D:1)
  4 endoplasms
  2 giant cockroaches (D:2)
  3 hobgoblins
  A kobold (D:2)
  2 goblins
  A rat (D:1)
22 creatures vanquished.

Notes
Turn   | Place    | Note
-------+----------+-------------------------------------------
     0 | D:1      | Bokiboji the Demigod Shapeshifter began the quest for the
                  | Orb.
     0 | D:1      | Reached XP level 1. HP: 15/15 MP: 3/3
    49 | D:1      | Upgraded the game from 0.31-a0-867-g9b2fd80f0c to
                  | 0.31-a0-965-g8a8ce12e04
   242 | D:1      | Reached XP level 2. HP: 22/22 MP: 4/4
   424 | D:2      | Noticed Jessica
   439 | D:2      | Killed Jessica
   440 | D:2      | Reached XP level 3. HP: 24/27 MP: 5/5
   549 | D:3      | HP: 1/27 [adder (2)]
   552 | D:3      | Slain by an orc

Illustrated notes

Levels and vault maps discovered:
D:1:      lemuel_arrival_tunnels, layout_loops_ring
D:2:      layout_loops_ring, uniq_jessica
D:3:      layout_rooms

Skill      XL: |  1  2  3 |
---------------+----------+-----
Unarmed Combat | 3 |  3.5
Shapeshifting  | 3 |  3.5
Dodging        | 2 |  2.0
Fighting       | |  0.8

Action                     || total
---------------------------++-------
  Melee: Unarmed           ||    66
         Punch             ||     1
 Armour: Animal skin       ||    18
         Ring mail         ||    22
  Dodge: Dodged            ||    65
   Form: Beast             ||     1
         Flux              ||     1

Table legend: (Time is in decaauts)
 A = Elapsed time spent in this place.
 B = Non-inter-level travel time spent in this place.
 C = Inter-level travel time spent in this place.
 D = Time resting spent in this place.
 E = Time spent auto-exploring this place.
 F = Levels seen in this place.
 G = Mean time per level.
                   A        B        C        D        E       F      G
               +--------+--------+--------+--------+--------+-----+--------+
         Total |    549 |    281 |    268 |     43 |     44 |   3 |  183.0 |
       Dungeon |    549 |    281 |    268 |     43 |     44 |   3 |  183.0 |
               +--------+--------+--------+--------+--------+-----+--------+

Top non-repeatable levels by time:
     D:1: 245 daAuts
     D:2: 243 daAuts
     D:3: 60 daAuts
